 Dungeon Crawl Stone Soup version 0.30-a0-52-g86a8295270 (webtiles) character file.

Game seed: 379407496510217648

286 MrFrogsmire the Chucker (level 6, -3/48 HPs)
             Began as a Meteoran Wanderer on Sept 7, 2022.
             Was a Follower of Uskayaw.
             Shot with an arrow by a centaur (7 damage)
             ... on level 5 of the Dungeon.
             The game lasted 00:10:25 (1646 turns).

MrFrogsmire the Chucker (Meteoran Wanderer)         Turns: 1646, Time: 00:10:25

Health: -3/48      AC:  5    Str: 14    XL:     6   Next: 87%
Magic:  9/9        EV: 11    Int: 13    God:    Uskayaw [*.....]
Gold:   64         SH:  0    Dex: 16    Spells: 7/8 levels left

rFire   . . .      SeeInvis .    s - +3 short sword
rCold   . . .      Faith    .    (no shield)
rNeg    + . .      Spirit   .    q - +2 leather armour {rPois}
rPois   +          Reflect  .    (no helmet)
rElec   .          Harm     .    (no cloak)
rCorr   .          Rampage  .    (no gloves)
Will    .....                    (no boots)
Stlth   +.........               (no amulet)
HPRegen 0.16/turn                o - ring of positive energy
MPRegen 0.11/turn                (no ring)

@: glowing
A: sense surroundings 1, otherworldly, glowing, explore regen
a: Renounce Religion, Stomp


You were on level 5 of the Dungeon.
You worshipped Uskayaw.
Uskayaw was noncommittal.
You visited 1 branch of the dungeon, and saw 4 of its levels.

You collected 64 gold pieces.

Inventory:

Hand Weapons
 s - a +3 short sword (weapon)
Missiles
 b - 13 poisoned darts
 h - 3 atropa-tipped darts
Armour
 e - a +0 robe
 q - a +2 leather armour of poison resistance (worn)
Jewellery
 o - a ring of positive energy (left hand)
Wands
 p - a wand of flame (7) (quivered)
Scrolls
 a - a scroll of torment {unknown}
 f - a scroll of magic mapping {unknown}
 g - 5 scrolls of identify {unknown}
 j - 6 scrolls of teleportation {unknown}
 k - a scroll of noise {unknown}
 r - a scroll of vulnerability {unknown}
Potions
 d - a potion of attraction
 i - a potion of might {unknown}
 l - a potion of cancellation {unknown}
 m - a potion of lignification {unknown}
 n - a potion of brilliance {unknown}


   Skills:
 + Level 2.2 Fighting
 + Level 0.1 Short Blades
 + Level 6.0 Staves
 + Level 6.2 Throwing
 + Level 0.1 Armour
 + Level 1.6 Dodging
 + Level 0.4 Stealth
 + Level 1.8 Spellcasting
 + Level 1.2 Hexes
 + Level 0.9 Evocations


You had 7 spell levels left.
You knew the following spells:

 Your Spells              Type           Power      Damage    Failure   Level
a - Slow                  Hex            16%        N/A       21%         1

Your spell library contained the following spells:

 Spells                   Type           Power      Damage    Failure   Level
 Dazzling Flash           Conj/Hex       4%         N/A       61%         3
 Gell's Gravitas          Tloc           1%         N/A       69%         3
 Stone Arrow              Conj/Erth      2%         3d7       69%         3
 Freezing Cloud           Conj/Ice/Air   0%         6-21      100%        5
 Iskenderun's Battlesphe  Conj           1%         2d6       100%        5


Dungeon Overview and Level Annotations

Branches:
Dungeon (5/15) Zot: 747
 Temple: D:4-7

Altars:
Uskayaw

Shops:
D:3 =


Innate Abilities, Weirdness & Mutations

You passively map a small area around you.
You are easily found by Zot.
You glow in the dark.
You regain HP and MP as you explore.


Message History

Found a scroll labelled JUGOUG LOKOG.
The orc hits you with a +0 flail. The orc hits you with a +0 dagger.
Things that are here:
a +0 whip; a ring of willpower You barely miss the orc.
The orc closely misses you. The orc hits you but does no damage.
You closely miss the orc. The orc hits you with a +0 flail.
The orc hits you but does no damage.
You hit the orc.
The orc is heavily wounded.
The orc closely misses you. The orc hits you with a +0 dagger.
You hit the orc.
The orc is severely wounded.
The orc closely misses you. The orc hits you with a +0 flail.
You hit the orc.
You kill the orc!
The orc hits you with a +0 flail.
Things that are here:
a +0 dagger; an orc corpse You hit the orc.
The orc is heavily wounded.
The orc completely misses you. The orc barely misses you.
You hit the orc.
The orc is almost dead.
The orc hits you with a +0 flail.
You hit the orc.
You kill the orc!
Found a stone staircase leading up.
A centaur comes into view.
The puff of flame misses the centaur.
The centaur shouts!
The centaur wields a +0 shortbow.
The centaur shoots an arrow.
The arrow hits you!
You are too injured to fight recklessly!
You are too injured to fight recklessly!
The centaur shoots an arrow.
The arrow hits you!
* * * LOW HITPOINT WARNING * * *
You hear the brisk rusting of a very distant drain.
The centaur shoots an arrow.
The arrow hits you!
You die...

#........# ,
#........# ,
#.....)..#
#.....)).# ##*
##........#####...
,
....##..........#
,
##..##..........#
* *
#..............#
...##.@........# *
# ####....?#.# **
#.###c#,.. * #..,
<.. . * #### .## *
*,, ,,, .# * *, *
* ,, , , *


You could see a centaur.

Vanquished Creatures
  An ogre (D:5)
  A howler monkey (D:5)
  An orc priest (D:3)
  An iguana (D:2)
  An orc wizard (D:3)
  2 adders
  A shadow imp (D:5)
  9 orcs
  6 bats
  3 endoplasms
  2 giant cockroaches
  5 goblins
  3 hobgoblins (D:1)
  A quokka (D:1)
  3 ball pythons (D:2)
  2 frilled lizards
  6 kobolds
  6 rats
54 creatures vanquished.

Notes
Turn   | Place    | Note
-------+----------+-------------------------------------------
     0 | D:1      | MrFrogsmire the Meteoran Wanderer began the quest for the
                  | Orb.
     0 | D:1      | MrFrogsmire set off with the following items: a +2
                  | quarterstaff, 13 poisoned darts, a +0 dagger, a potion of
                  | attraction, a +0 robe; and the following spell memorised:
                  | Slow; and the following spells available to memorise:
                  | Dazzling Flash.
     0 | D:1      | Reached XP level 1. HP: 16/16 MP: 3/3
    87 | D:1      | Reached skill level 5 in Throwing
   131 | D:1      | Reached XP level 2. HP: 18/23 MP: 3/5
   193 | D:1      | Found a faded altar of an unknown god.
   197 | D:1      | Prayed at the altar of an unknown god.
   197 | D:1      | Became a worshipper of Uskayaw the Reveller
   197 | D:1      | Reached * piety under Uskayaw
   276 | D:2      | Reached ** piety under Uskayaw
   322 | D:2      | Reached XP level 3. HP: 28/28 MP: 6/6
   556 | D:2      | HP: 1/28 [iguana (8)]
   557 | D:2      | Reached *** piety under Uskayaw
   558 | D:2      | Reached XP level 4. HP: 2/35 MP: 7/7
   830 | D:3      | Found Atekkuc's Jewellery Emporium.
   961 | D:3      | Reached XP level 5. HP: 33/40 MP: 8/8
  1064 | D:3      | HP: 2/40 [orc priest/nerve-wracking pain (6)]
  1064 | D:3      | Reached **** piety under Uskayaw
  1066 | D:3      | Reached skill level 5 in Staves
  1066 | D:3      | Reached skill level 1 in Dodging
  1345 | D:3      | You fall into a shaft and drop 2 floors!
  1345 | D:5      | Entered Level 5 of the Dungeon
  1352 | D:5      | Reached XP level 6. HP: 48/48 MP: 9/9
  1406 | D:5      | Noticed an ogre
  1410 | D:5      | Killed an ogre
  1489 | D:5      | Got the Volume of Energetic Direction
  1642 | D:5      | Noticed a centaur
  1646 | D:5      | Shot with an arrow by a centaur

Illustrated notes

Levels and vault maps discovered:
D:1:      nagdon_arrival_zigzag_paths, layout_basic,
          hellmonk_ecumenical_altar_heavens_door
D:2:      layout_loops_ring
D:3:      wad_river_or_something, layout_basic, serial_shops,
          nicolae_shop_waterfront
D:5:      layout_basic, portal_sewer_entry_b

Skill      XL: |  1  2  3  4  5  6 |
---------------+-------------------+-----
Throwing       | 5 6 |  6.2
Staves         | 4 5 6 |  6.0
Dodging        | 1 |  1.6
Fighting       | 2 |  2.2
Short Blades   | |  0.1
Armour         | |  0.1
Stealth        | |  0.4
Spellcasting   | |  1.8
Hexes          | |  1.2
Evocations     | |  0.9

Action                   |  1- 3 |  4- 6 || total
-------------------------+-------+-------++-------
Melee: Quarterstaff      |    47 |    44 ||    91
       Short sword       |       |    22 ||    22
Throw: Dart              |    19 |     7 ||    26
 Cast: Slow              |     3 |       ||     3
Evoke: Wand              |       |    12 ||    12
 Stab: Paralysed         |       |     1 ||     1
Armor: Robe              |     9 |     4 ||    13
       Leather armour    |       |     8 ||     8
Dodge: Dodged            |    15 |    40 ||    55

Table legend: (Time is in decaauts)
 A = Elapsed time spent in this place.
 B = Non-inter-level travel time spent in this place.
 C = Inter-level travel time spent in this place.
 D = Time resting spent in this place.
 E = Time spent auto-exploring this place.
 F = Levels seen in this place.
 G = Mean time per level.
                   A        B        C        D        E       F      G
               +--------+--------+--------+--------+--------+-----+--------+
         Total |   1651 |    708 |    943 |      0 |      0 |   4 |  412.8 |
       Dungeon |   1651 |    708 |    943 |      0 |      0 |   4 |  412.8 |
               +--------+--------+--------+--------+--------+-----+--------+

Top non-repeatable levels by time:
     D:3: 551 daAuts
     D:2: 527 daAuts
     D:5: 303 daAuts
     D:1: 270 daAuts
